 Dungeon Sprint DCSS version 0.20.1-1-g8b1a95d (webtiles) character file.

11365 Mitsuki the Fighter (level 11, 0/110 HPs)
             Began as a Minotaur Fighter on Sept 21, 2017.
             Was the Champion of Cheibriados.
             Killed by divine providence
             ... invoked by a smoke demon
             ... summoned by an orc high priest
              (10 damage)
             ... in the Dungeon (Sprint IX: "|||||||||||||||||||||||||||||").
             The game lasted 00:13:56 (1964 turns).

Mitsuki the Fighter (Minotaur Fighter)              Turns: 1964, Time: 00:13:56

Health: 0/110      AC: 23    Str: 41    XL:     11   Next: 48%
Magic:  6/18       EV: 21    Int: 20    God:    Cheibriados [******]
Gold:   1273       SH: 17    Dex: 26    Spells: 10/10 levels left

rFire    . . .     SeeInvis .   p - +4 scimitar (holy)
rCold    . . .     Gourm    .   c - +0 shield
rNeg     . . .     Faith    .   v - +0 plate armour
rPois    .         Spirit   .   (helmet restricted)
rElec    .         Reflect  .   a - +0 cloak
rCorr    .         Harm     .   y - +0 pair of gloves
MR       .....     NoTele   +   b - +0 pair of boots
Stlth    ..........             (no amulet)
Regen    0.3/turn               r - +2 ring of protection
MPRegen  0.2/turn               s - +3 ring of strength

@: very slow
A: retaliatory headbutt, horns 2
a: Bend Time, Temporal Distortion, Slouch, Step From Time, Renounce Religion


You were in the Dungeon.
You worshipped Cheibriados.
Cheibriados was exalted by your worship.
You were not hungry.

You visited 1 branch You collected 1273 gold pieces.

Inventory:

Hand Weapons
 p - a +4 scimitar of holy wrath (weapon)
 A - a +1 scimitar of flaming
Armour
 a - a +0 cloak (worn)
 b - a +0 pair of boots (worn)
 c - a +0 shield (worn)
 v - a +0 plate armour (worn)
 y - a +0 pair of gloves (worn)
Jewellery
 r - a +2 ring of protection (left hand)
 s - a +3 ring of strength (right hand)
Wands
 o - a wand of acid (7/15)
Scrolls
 k - 2 scrolls of blinking
 m - 3 scrolls of remove curse
 n - 2 scrolls of amnesia
 t - 2 scrolls of fear
 u - a scroll of fog
 w - a scroll of recharging
Potions
 d - a potion of might
 e - 2 potions of invisibility
 g - 3 potions of heal wounds
 h - a potion of agility
 i - 5 potions of magic
 j - a potion of flight
 l - 5 potions of curing
Comestibles
 f - 13 bread rations
 q - 16 chunks of flesh
 x - 40 fruits
 z - 12 meat rations


   Skills:
 + Level 14.3 Fighting
 + Level 14.1 Long Blades
 + Level 14.3 Armour
 + Level 12.8 Dodging
 + Level 14.2 Shields
 + Level 11.5 Invocations


You had 10 spell levels left.
You didn't know any spells.

Dungeon Overview and Level Annotations

Branches:
Dungeon (1/1)

Altars:
Cheibriados
Dithmenos
Elyvilon
Fedhas
Gozag
Hepliaklqana
Kikubaaqudgha
Makhleb
Nemelex Xobeh
Okawaru
Qazlal
Ru
Sif Muna
Trog
Uskayaw
Vehumet
Xom
Yredelemnul
Zin
The Shining One
Beogh
Jiyva
Lugonu

Shops:
D (}(


Innate Abilities, Weirdness & Mutations

You reflexively headbutt those who attack you in melee.
You have a pair of horns on your head.


Message History

You slash the orc high priest! You headbutt the orc high priest.
The orc high priest is moderately wounded.
You barely miss the orc high priest.
The orc high priest is moderately wounded.
The orc high priest utters an invocation to Beogh.
You block the ice devil's attack.
You slash the orc high priest!
Your headbutt misses the orc high priest.
The orc high priest is severely wounded.
The orc high priest misses you. You furiously retaliate!
You headbutt the orc high priest!
You riposte.
You hit the orc high priest but do no damage.
The orc high priest is almost dead.
The ice devil closely misses you. You furiously retaliate!
You headbutt the ice devil, but do no damage.
You barely miss the orc high priest.
The orc high priest is almost dead.
The smoke demon gestures at you. Beogh smites you!
You die...

▓▓▓▓▓▓▓▓▓▓▓▓▓▓▓▓▓▓▓▓▓▓▓▓
∩.oo3oo@4))).....())))))
▓▓▓▓▓▓▓▓▓▓▓▓▓▓▓▓▓▓▓▓▓▓▓▓▓▓▓▓▓▓▓▓▓
..(.((.)..[........).............
▓▓▓▓▓▓▓▓▓▓▓▓▓▓▓▓▓▓▓▓▓▓▓▓▓▓▓▓▓▓▓▓▓
[[...'..[).......%'........÷'....
▓▓▓▓▓▓▓▓▓▓▓▓▓▓▓▓▓▓▓▓▓▓▓▓▓▓▓▓▓▓▓▓▓
.................................
▓▓▓▓▓▓▓▓▓▓▓▓▓▓▓▓▓▓▓▓▓▓▓▓▓▓▓▓▓▓▓▓▓
)'(.....'....![|..'____._________


You could see 3 orc knights, an orc high priest, an ice devil and a smoke demon.

Vanquished Creatures
  Erica (D)
  A centaur warrior (D)
  2 orc high priests (D)
  6 orc knights (D)
  An ugly thing (D)
  Joseph (D)
  3 spiny frogs (D)
  A komodo dragon (D)
  A meliai (D)
  A troll (D)
  A polar bear (D)
  2 hippogriffs (D)
  2 yaks (D)
  A wyvern (D)
  Grum (D)
  2 wargs (D)
  A porcupine (D)
  3 hell hounds (D)
  A water moccasin (D)
  11 orc warriors (D)
  5 wolves (D)
  5 crocodiles (D)
  2 bullfrogs (D)
  5 orc wizards (D)
  3 orc priests (D)
  An adder (D)
  2 shadow imps (D)
  2 adder skeletons (D)
  A leopard gecko (D)
  7 orcs (D)
  A bat skeleton (D)
  A jackal (D)
  2 kobolds (D)
  2 bats (D)
  A frilled lizard (D)
  A quokka skeleton (D)
84 creatures vanquished.

Notes
Turn   | Place    | Note
-------+----------+-------------------------------------------
     0 | D        | Mitsuki the Minotaur Fighter began the quest for the Orb.
     0 | D        | Reached XP level 1. HP: 19/19 MP: 0/0
     8 | D        | Reached skill level 1 in Dodging
    19 | D        | Noticed an orc wizard
    32 | D        | Reached XP level 2. HP: 17/28 MP: 1/1
    39 | D        | Reached skill level 5 in Fighting
    39 | D        | Reached skill level 5 in Armour
    39 | D        | Reached skill level 5 in Shields
    39 | D        | Reached XP level 3. HP: 3/36 MP: 2/2
   289 | D        | Found a roughly hewn altar of Beogh.
   289 | D        | Found a snail-covered altar of Cheibriados.
   289 | D        | Found a shadowy altar of Dithmenos.
   289 | D        | Found a white marble altar of Elyvilon.
   289 | D        | Found a blossoming altar of Fedhas.
   289 | D        | Found an opulent altar of Gozag.
   290 | D        | Found a hazy altar of Hepliaklqana.
   291 | D        | Found a viscous altar of Jiyva.
   292 | D        | Found an ancient bone altar of Kikubaaqudgha.
   293 | D        | Became a worshipper of Cheibriados the Contemplative
   294 | D        | Found a corrupted altar of Lugonu.
   295 | D        | Found a burning altar of Makhleb.
   296 | D        | Found a sparkling altar of Nemelex Xobeh.
   297 | D        | Found an iron altar of Okawaru.
   298 | D        | Found a stormy altar of Qazlal.
   299 | D        | Found a sacrificial altar of Ru.
   300 | D        | Found a deep blue altar of Sif Muna.
   301 | D        | Found a bloodstained altar of Trog.
   302 | D        | Found a hide-covered altar of Uskayaw.
   303 | D        | Found a radiant altar of Vehumet.
   305 | D        | Found a shimmering altar of Xom.
   306 | D        | Found a basalt altar of Yredelemnul.
   307 | D        | Found a glowing silver altar of Zin.
   308 | D        | Found a glowing golden altar of the Shining One.
   375 | D        | Noticed a wyvern
   375 | D        | Noticed a troll
   383 | D        | Killed a troll
   383 | D        | Reached * piety under Cheibriados
   383 | D        | Reached skill level 5 in Dodging
   383 | D        | Reached XP level 4. HP: 11/47 MP: 2/5
   383 | D        | Reached XP level 5. HP: 12/52 MP: 2/6
   385 | D        | Reached XP level 6. HP: 15/60 MP: 2/7
   387 | D        | Reached ** piety under Cheibriados
   392 | D        | Killed a wyvern
   639 | D        | Noticed a cyan ugly thing
   639 | D        | Noticed a meliai
   639 | D        | Noticed a centaur warrior
   646 | D        | Killed a centaur warrior
   646 | D        | Reached XP level 7. HP: 48/70 MP: 5/10
   646 | D        | Reached XP level 8. HP: 54/78 MP: 5/11
   648 | D        | Killed a meliai
   648 | D        | Reached *** piety under Cheibriados
   654 | D        | Killed a cyan ugly thing
   654 | D        | Reached skill level 10 in Fighting
   654 | D        | Reached skill level 10 in Long Blades
   654 | D        | Reached skill level 10 in Armour
   654 | D        | Reached skill level 10 in Shields
   658 | D        | Reached **** piety under Cheibriados
  1058 | D        | Reached ***** piety under Cheibriados
  1061 | D        | Noticed a spiny frog
  1065 | D        | Reached XP level 9. HP: 86/86 MP: 13/13
  1076 | D        | Killed a spiny frog
  1104 | D        | Reached ****** piety under Cheibriados
  1104 | D        | Reached skill level 10 in Dodging
  1110 | D        | Noticed a spiny frog
  1110 | D        | Noticed a spiny frog
  1115 | D        | Noticed a polar bear
  1116 | D        | Noticed a komodo dragon
  1117 | D        | Killed a spiny frog
  1118 | D        | Killed a spiny frog
  1129 | D        | Killed a polar bear
  1129 | D        | Reached XP level 10. HP: 97/97 MP: 15/15
  1276 | D        | Noticed Joseph
  1284 | D        | Killed Joseph
  1285 | D        | Noticed Erica
  1292 | D        | Killed Erica
  1292 | D        | Reached skill level 10 in Invocations
  1337 | D        | Noticed Grum
  1344 | D        | Killed Grum
  1403 | D        | Noticed an orc knight
  1429 | D        | Killed an orc knight
  1830 | D        | Reached XP level 11. HP: 86/107 MP: 17/17
  1831 | D        | Noticed an orc knight
  1854 | D        | Killed an orc knight
  1936 | D        | Found Plog's Weapon Boutique.
  1936 | D        | Noticed an orc knight
  1936 | D        | Noticed an orc high priest
  1936 | D        | Noticed an orc knight
  1936 | D        | Noticed an orc knight
  1936 | D        | Noticed an orc knight
  1937 | D        | Noticed an orc high priest
  1943 | D        | Noticed a sun demon
  1944 | D        | Killed an orc knight
  1944 | D        | Killed an orc high priest
  1945 | D        | Noticed an orc high priest
  1946 | D        | Killed an orc knight
  1946 | D        | HP: 4/110 [orc high priest/divine providence (11)]
  1949 | D        | Killed an orc knight
  1950 | D        | Found Cenataor's Gadget Shop.
  1951 | D        | Noticed an orc knight
  1953 | D        | Killed an orc knight
  1957 | D        | Noticed an orc knight
  1959 | D        | Noticed an orc knight
  1959 | D        | Killed an orc high priest
  1960 | D        | Found Varec's Antique Weapon Boutique.
  1964 | D        | Killed from afar by a smoke demon

Skill      XL: |  1  2  3  4  5  6  7  8  9 10 11 |
---------------+----------------------------------+-----
Shields        | 4 5 7 9 10 12 13 14 | 14.2
Dodging        | 1 2 5 8 9 10 12 | 12.8
Armour         | 4 5 7 9 10 12 13 14 | 14.3
Fighting       | 4 5 7 9 10 12 13 14 | 14.3
Long Blades    | 3 4 6 9 10 11 13 14 | 14.1
Invocations    | 3 6 7 9 10 11 | 11.5

Action                   |  1- 3 |  4- 6 |  7- 9 | 10-12 || total
-------------------------+-------+-------+-------+-------++-------
Melee: Long sword        |    35 |       |       |       ||    35
       Headbutt          |    10 |     4 |    18 |    53 ||    85
       Scimitar          |     8 |    14 |    57 |   120 ||   199
Invok: Bend Time         |       |     1 |       |       ||     1
       Slouch            |       |       |       |     3 ||     3
  Use: Potion            |     1 |       |       |     2 ||     3
       Scroll            |       |       |     2 |       ||     2
  Eat: Chunk             |       |       |       |     1 ||     1
Armor: Scale mail        |    19 |       |       |       ||    19
       Chain mail        |     9 |     5 |     7 |     7 ||    28
       Plate armour      |       |       |       |     7 ||     7
Dodge: Dodged            |    15 |       |    26 |    30 ||    71
Block: Shield            |    18 |     8 |    41 |    61 ||   128
       Rpst.: Long sword |     4 |       |       |       ||     4
       Scimitar          |       |       |     1 |     6 ||     7
